 Dungeon Crawl Stone Soup version 0.17.0-28-g6e173f8 (webtiles) character file.

861 dohliylev the Covert (level 8, -2/39 HPs)
             Began as a Vine Stalker Assassin on Nov 28, 2015.
             Slain by Duvessa
             ... wielding a cursed -1 short sword
              (5 damage)
             ... on level 4 of the Dungeon.
             The game lasted 00:24:59 (3893 turns).

dohliylev the Covert (Vine Stalker Assassin)        Turns: 3893, Time: 00:24:59

Health: -2/39      AC:  4    Str: 13    XL:     8   Next: 2%
Magic:  0/10       EV: 14    Int: 11    God:
Gold:   218        SH:  0    Dex: 19    Spells: 1 memorised, 7 levels left

rFire  . . .     SeeInvis .     a - +2 dagger
rCold  . . .     Clarity  .     c - +0 robe
rNeg   . . .     SustAt   .     (no shield)
rPois  .         Gourm    .     p - +0 helmet
rElec  .         Spirit   +     d - +0 cloak
rCorr  .         Warding  .     (no gloves)
rMut   .         Stasis   .     (no boots)
MR     +....                    (no amulet)
Stlth  ++++......               (no ring)
                                w - ring of wizardry

@: sluggish, very slow, somewhat resistant to hostile enchantments, stealthy
A: fangs 3, regeneration 2, magic shield, antimagic bite, no device heal 3, rot
immunity
a: no special abilities


You were on level 4 of the Dungeon.
You were hungry.

You visited 1 branch of the dungeon, and saw 5 of its levels.
You also visited: Sewer.

You collected 218 gold pieces.

Inventory:

Hand Weapons
 a - a +2 dagger (weapon)
 b - a +0 blowgun
Missiles
 e - 22 poisoned needles
 f - 6 curare-tipped needles
 F - 5 tomahawks (quivered)
Armour
 c - a +0 robe (worn)
 d - a +0 cloak (worn)
 p - a +0 helmet (worn)
Jewellery
 w - a ring of wizardry (left hand)
Wands
 s - a wand of fireball (8)
Scrolls
 h - a scroll of blinking {unknown}
 l - a scroll of enchant armour {unknown}
 u - 3 scrolls of remove curse {unknown}
 y - 3 scrolls of identify {unknown}
 B - a scroll of noise {unknown}
 D - 2 scrolls of amnesia {unknown}
Potions
 i - a potion of magic {unknown}
 j - a potion of degeneration {unknown}
 k - 2 potions of agility {unknown}
 m - a potion of resistance {unknown}
 q - a potion of haste {unknown}
 r - 3 potions of flight {unknown}
 t - 2 potions of curing {unknown}
 z - 3 potions of heal wounds {unknown}
 A - a potion of invisibility {unknown}
 G - a potion of ambrosia {unknown}
 H - a potion of poison {unknown}
Books
 x - a book of Burglary

   Spells                             Type                      Level
   a - Swiftness                      Charms/Air                   2
   b - Passwall                       Transmutation/Earth          3
   c - Passage of Golubria            Translocation                4
   d - Lee's Rapid Deconstruction     Earth                        5
   e - Darkness                       Hexes                        6
   f - Invisibility                   Hexes                        6
Comestibles
 g - 5 bread rations
 n - 2 beef jerkies
 o - a slice of pizza
 v - 5 fruits
 E - a meat ration


   Skills:
 + Level 2.8 Fighting
 + Level 3.1 Short Blades
 + Level 3.0 Throwing
 + Level 3.6 Dodging
 + Level 8.4 Stealth
 + Level 1.0 Spellcasting
 + Level 0.8 Charms
 + Level 1.2 Air Magic


You had 7 spell levels left.
You knew the following spells:

 Your Spells              Type           Power        Failure   Level  Hunger
a - Swiftness             Chrm/Air       #.......     14%         2    ###....


Dungeon Overview and Level Annotations

Branches:
Dungeon (5/15)
 Temple: D:4-7

Altars:
Cheibriados
Fedhas

Annotations:
D:4 Duvessa


Innate Abilities, Weirdness & Mutations

You have razor-sharp teeth.
You heal very quickly.
When hurt, damage is shared between your health and your magic reserves.
Your bite disrupts and absorbs the magic of your enemies.
Potions and wands cannot restore your health.
You are immune to rotting.


Message History

You feel quick.
Duvessa hits you with an enchanted short sword! x2
Duvessa hits you with an enchanted short sword!
You start to feel a little slower.
Duvessa barely misses you.
There is a stone staircase leading down here.
Duvessa barely misses you.
Duvessa hits you with an enchanted short sword!
* * * LOW HITPOINT WARNING * * *
You climb downwards.
A worker ant comes into view.
There is a stone staircase leading up here.
Duvessa hits you with an enchanted short sword!
* * * LOW HITPOINT WARNING * * *
You climb upwards.
You feel sluggish.
There is a stone staircase leading down here.
Duvessa misses you.
Duvessa hits you with an enchanted short sword.
You die...

#.####.#..#..
#.#...........
#.#.##....#..#
########### #.#.#####.#
##.........# #.#.# $..
##.#######.# #.#.# .##
##.#######.###.#.# ..#
.....).........e># ..#
.#.####.###....#@### ..#
...# #.# #.#......###..#
#..# #.# #.#..#........#
#..####.# #.#.........#.#
.....##.###.#...........#
....................#.###
).......#.#.#.....#.#.#
............#.....#.#.#
........#...#.....#.#.#


You could see Duvessa (berserk).

Vanquished Creatures
  3 ogres (D:4)
  An orc warrior (D:4)
  A phantom (D:4)
  A big kobold (Sewer)
  Dowan (D:4)
  A hound (D:4)
  Jessica (D:2)
  2 adders
  A river rat (Sewer)
  10 gnolls
  2 oozes
  A worm (D:3)
  An adder skeleton (D:4)
  5 orcs (D:4)
  3 giant cockroaches
  9 goblins
  5 hobgoblins
  4 jackals
  A quokka (D:4)
  A ball python (D:3)
  9 bats
  11 giant geckos
  A giant gecko skeleton (D:4)
  2 giant newts (D:1)
  7 kobolds
  A quokka skeleton (D:4)
  25 rats
110 creatures vanquished.

Notes
Turn   | Place    | Note
--------------------------------------------------------------
     0 | D:1      | dohliylev the Vine Stalker Assassin began the quest for the Orb.
     0 | D:1      | Reached XP level 1. HP: 11/11 MP: 2/2
    79 | D:1      | Reached skill level 5 in Stealth
   121 | D:1      | Reached XP level 2. HP: 15/15 MP: 3/3
   472 | D:1      | Reached XP level 3. HP: 12/18 MP: 2/4
   762 | D:2      | Noticed Jessica
   767 | D:2      | Killed Jessica
   767 | D:2      | Reached skill level 1 in Dodging
   767 | D:2      | Reached skill level 6 in Stealth
   767 | D:2      | Reached XP level 4. HP: 23/23 MP: 5/5
  1250 | D:2      | Found a faded altar to an unknown god.
  1377 | D:2      | Found a snail-covered altar of Cheibriados.
  1515 | D:2      | Found a blossoming altar of Fedhas.
  1670 | D:3      | Learned a level 2 spell: Swiftness
  2017 | D:3      | Reached XP level 5. HP: 22/26 MP: 4/6
  2045 | D:3      | Found a glowing drain.
  2074 | Sewer    | Entered a sewer
  2202 | Sewer    | Reached skill level 7 in Stealth
  2216 | Sewer    | HP: 1/26 [poisoned by a kobold]
  2223 | Sewer    | HP: 1/26 [poisoned by a kobold]
  2359 | Sewer    | Found a white marble altar of Elyvilon.
  2658 | D:4      | Gained mutation: You heal very quickly. [Vine Stalker growth]
  2658 | D:4      | Reached XP level 6. HP: 30/30 MP: 7/7
  2678 | D:4      | Reached skill level 1 in Air Magic
  2836 | D:4      | Noticed a phantom
  2914 | D:4      | Killed a phantom
  2987 | D:4      | Noticed an ogre
  3038 | D:4      | Killed an ogre
  3038 | D:4      | Reached skill level 8 in Stealth
  3038 | D:4      | Reached XP level 7. HP: 24/35 MP: 3/8
  3160 | D:4      | Noticed an orc warrior
  3188 | D:4      | Killed an orc warrior
  3218 | D:4      | Noticed an ogre
  3242 | D:4      | Killed an ogre
  3532 | D:4      | Reached skill level 1 in Spellcasting
  3873 | D:4      | Noticed Dowan
  3875 | D:4      | Noticed Duvessa
  3877 | D:4      | Killed Dowan
  3877 | D:4      | Gained mutation: You have razor-sharp teeth. [Vine Stalker growth]
  3877 | D:4      | Reached XP level 8. HP: 39/39 MP: 10/10
  3890 | D:5      | Entered Level 5 of the Dungeon
  3893 | D:4      | Slain by Duvessa

Action                   |  1- 3 |  4- 6 |  7- 9 || total
-------------------------+-------+-------+-------++-------
Melee: Dagger            |    48 |   234 |    44 ||   326
 Fire: Blowgun           |     3 |     5 |    26 ||    34
 Cast: Swiftness         |       |     5 |     3 ||     8
 Stab: Sleeping          |     4 |    21 |     3 ||    28
       Distracted        |       |     1 |       ||     1
  Eat: Chunk             |       |     7 |     3 ||    10
